 Dungeon Crawl Stone Soup version 0.29-a0-925-g0a7a3d12f8 (webtiles) character file.

Game seed: 9590122261069855250

109 leavemydog the Chopper (level 4, -3/40 HPs)
             Began as a Hill Orc Fighter on July 29, 2022.
             Killed from afar by Ijyb (9 damage)
             ... with a bolt of acid
             ... on level 3 of the Dungeon.
             The game lasted 00:02:55 (2436 turns).

leavemydog the Chopper (Hill Orc Fighter)           Turns: 2436, Time: 00:02:56

Health: -3/40      AC:  3    Str: 20    XL:     4   Next: 90%
Magic:  4/4        EV:  9    Int:  8    God:
Gold:   144        SH:  4    Dex: 10    Spells: 3/3 levels left

rFire   . . .      SeeInvis .   a - +0 war axe
rCold   . . .      Faith    .   c - +0 buckler
rNeg    . . .      Spirit   .   b - +0 scale mail
rPois   .          Reflect  .   (no helmet)
rElec   .          Harm     .   (no cloak)
rCorr   .          Rampage  .   (no gloves)
Will    .....                   (no boots)
Stlth   ..........              (no amulet)
HPRegen 0.13/turn               (no ring)
MPRegen 0.09/turn               (no ring)

@: lethally poisoned (-3 -> -21), corroded
A: no striking features
a: no special abilities


You were on level 3 of the Dungeon.
You visited 1 branch of the dungeon, and saw 3 of its levels.

You collected 144 gold pieces.

Inventory:

Hand Weapons
 a - a +0 war axe (weapon)
Missiles
 m - 2 throwing nets (quivered)
Armour
 b - a +0 scale mail (worn)
 c - a +0 buckler (worn)
Scrolls
 f - 2 scrolls of enchant weapon {unknown}
 i - a scroll of teleportation {unknown}
 n - a scroll of vulnerability {unknown}
 o - a scroll of magic mapping {unknown}
 p - a scroll of fog {unknown}
Potions
 d - 2 potions of might
 e - 2 potions of haste
 g - a potion of brilliance {unknown}
 h - 2 potions of curing
 k - 2 potions of attraction
 l - a potion of flight {unknown}
 q - a potion of mutation {unknown}


   Skills:
 + Level 4.1 Fighting
 * Level 5.3 Axes
 + Level 3.8 Armour
 + Level 3.6 Shields


You had 3 spell levels left.
You didn't know any spells.
Your spell library was empty.

Dungeon Overview and Level Annotations

Branches:
Dungeon (3/15)

Altars:
Gozag

Annotations:
D:3 Ijyb


Message History

No target in view!
HP restored.
f - 2 scrolls labelled GICSAR BUKETT (gained 1)
You see here a +0 short sword.
You now have 133 gold pieces (gained 13).
Found 6 boomerangs.
Found a stone staircase leading down.
Found a stone staircase leading up.
You now have 144 gold pieces (gained 11).
An orc comes into view. It is wielding a +0 whip.
The orc shouts!
Ijyb the Twisted Goblin comes into view.
She is wielding a +4 dagger of venom and carrying a wand of acid (12).
The orc moves out of view.
An orc comes into view. It is wielding a +0 whip.
There are monsters nearby!
You slash Ijyb!
Ijyb is heavily wounded.
Ijyb zaps a wand.
The bolt of acid hits you! The acid corrodes you!
An orc comes into view. It is wielding a +0 falchion.
You closely miss Ijyb.
Ijyb is heavily wounded.
The orc shouts!
Ijyb zaps a wand.
The bolt of acid misses you.
You hit Ijyb.
Ijyb is severely wounded.
Ijyb hits you with a +4 dagger of venom. x2
You are poisoned.
You are too injured to fight recklessly!
You closely miss Ijyb.
Ijyb is severely wounded.
You feel very sick.
Ijyb hits you with a +4 dagger of venom.
* * * LOW HITPOINT WARNING * * *
You are more poisoned.
You hit Ijyb.
Ijyb is almost dead.
You closely miss the orc.
* * * LOW HITPOINT WARNING * * *
You feel very sick. You block the orc's attack.
Ijyb zaps a wand.
The bolt of acid hits you!
You die...

#. . #.# #.. . #.#
... . #.# #.# # #.#
#####.### ##o#
...>....#
.o#########.....##
#go.......#.......
##@## #.#(....##
#.#...#### #.#.....#
#........###.###.###
###.<.##.#.......#
##.###..#..#####
#.#...###.## #.#..##
##.####### #...##
#......... ###..##
#........©


You could see Ijyb and 3 orcs.

Vanquished Creatures
  5 adders
  3 worms (D:2)
  2 dart slugs
  An orc (D:3)
  6 ball pythons
  3 endoplasms
  3 giant cockroaches
  5 goblins
  8 hobgoblins
  2 jackals (D:1)
  6 kobolds
  2 frilled lizards
  5 rats (D:1)
51 creatures vanquished.

Vanquished Creatures (others)
  3 plants (D:2)
3 creatures vanquished.

Grand Total: 54 creatures vanquished

Notes
Turn   | Place    | Note
-------+----------+-------------------------------------------
     0 | D:1      | leavemydog the Hill Orc Fighter began the quest for the
                  | Orb.
     0 | D:1      | Reached XP level 1. HP: 19/19 MP: 1/1
   571 | D:1      | Reached XP level 2. HP: 25/27 MP: 2/2
   610 | D:1      | Reached skill level 3 in Axes
   899 | D:1      | Reached XP level 3. HP: 33/33 MP: 3/3
  1097 | D:2      | Found an opulent altar of Gozag.
  1105 | D:2      | Reached skill level 4 in Axes
  1399 | D:2      | Reached XP level 4. HP: 40/40 MP: 4/4
  1673 | D:2      | Found a faded altar of an unknown god.
  1696 | D:2      | Reached skill level 5 in Axes
  2430 | D:3      | Noticed Ijyb
  2436 | D:3      | Killed from afar by Ijyb

Illustrated notes

Levels and vault maps discovered:
D:1:      minmay_arrival_diagonal_passages, layout_loops_corners
D:2:      layout_basic, shapermc_ecumenical_altar_mp_ritualfount, basic_altar
D:3:      layout_loops_ring, gammafunk_ghost_mausoleum, minivault_5, uniq_ijyb

Skill      XL: |  1  2  3  4 |
---------------+-------------+-----
Axes           | 3 4 5 |  5.3
Fighting       | 4 |  4.1
Armour         | |  3.8
Shields        | |  3.6

Action                   |  1- 3 |  4- 6 || total
-------------------------+-------+-------++-------
Melee: War axe           |   101 |    74 ||   175
  Use: Scroll            |       |     3 ||     3
Armor: Scale mail        |    33 |    31 ||    64
Dodge: Dodged            |    41 |    29 ||    70
Block: Buckler           |    22 |    17 ||    39

Table legend: (Time is in decaauts)
 A = Elapsed time spent in this place.
 B = Non-inter-level travel time spent in this place.
 C = Inter-level travel time spent in this place.
 D = Time resting spent in this place.
 E = Time spent auto-exploring this place.
 F = Levels seen in this place.
 G = Mean time per level.
                   A        B        C        D        E       F      G
               +--------+--------+--------+--------+--------+-----+--------+
         Total |   2493 |   2446 |     47 |    249 |   1805 |   3 |  831.0 |
       Dungeon |   2493 |   2446 |     47 |    249 |   1805 |   3 |  831.0 |
               +--------+--------+--------+--------+--------+-----+--------+

Top non-repeatable levels by time:
     D:2: 1123 daAuts
     D:1: 1121 daAuts
     D:3: 249 daAuts
